 Dungeon Crawl Stone Soup version 0.30.1-3-gfc49f6343a (webtiles) character file.

Game seed: 2737651954770635481

479 TheDoctor the Conjurer (level 6, 0/48 HPs)
             Began as a Deep Elf Conjurer on July 29, 2023.
             Succumbed to a water moccasin's poison
             ... on level 5 of the Dungeon.
             The game lasted 00:11:48 (4019 turns).

TheDoctor the Conjurer (Deep Elf Conjurer)          Turns: 4019, Time: 00:11:48

Health: 0/48       AC:  5    Str:  4    XL:     6   Next: 86%
Magic:  9/24       EV: 11    Int: 25    God:
Gold:   236        SH:  0    Dex: 13    Spells: 5/15 levels left

rFire   . . .        t - +2 dagger (venom)
rCold   . . .        (no shield)
rNeg    . . .        c - +1 leather armour {rPois}
rPois   +            (no helmet)
rElec   .            (no cloak)
rCorr   .            (no gloves)
SInv    .            e - +0 pair of boots
Will    +....        (no amulet) Stlth
                     d - ring of magical power
HPRegen 0.28/turn    k - ring of willpower
MPRegen 0.19/turn

%: no passive effects
@: berserking (expiring), lethally poisoned (0 -> -3), attractive, flying, very
quick
A: no striking features
a: no special abilities


You were on level 5 of the Dungeon.
You visited 2 branches of the dungeon, and saw 6 of its levels.

You collected 236 gold pieces.

Inventory:

Hand Weapons
 g - a +0 short sword
 t - a +2 dagger of venom (weapon)
Armour
 a - a +0 robe
 c - a +1 leather armour of poison resistance (worn)
 e - a +0 pair of boots (worn)
Jewellery
 d - a ring of magical power (left hand)
 i - a ring of ice
 k - a ring of willpower (right hand)
 s - a ring of magical power
Wands
 v - a wand of paralysis (8)
Scrolls
 f - 8 scrolls of teleportation {unknown}
 h - 2 scrolls of blinking {unknown}
 j - 2 scrolls of enchant weapon {unknown}
 l - 2 scrolls of identify {unknown}
 n - a scroll of immolation {unknown}
 o - a scroll of enchant armour {unknown}
 w - a scroll of poison {unknown}
 x - a scroll of fog {unknown}
Potions
 b - 2 potions of magic
 q - a potion of flight
 r - a potion of lignification {unknown}
 u - a potion of might {unknown}
 z - a potion of heal wounds {unknown}


   Skills:
 + Level 3.6 Armour
 - Level 2.4 Dodging
 - Level 2.4 Stealth
 - Level 5.0 Spellcasting
 + Level 6.7 Conjurations


You had 5 spell levels left.
You knew the following spells:

 Your Spells              Type           Power      Damage    Failure   Level
a - Magic Dart            Conj           100%       1d8       1%          1
b - Searing Ray           Conj           78%        2d7       1%          2
c - Dazzling Flash        Conj/Hex       46%        N/A       11%         3
d - Iskenderun's Mystic   Conj/Tloc      23%        2d6       34%         4

Your spell library contained the following spells:

 Spells                   Type           Power      Damage    Failure   Level
 Fulminant Prism          Conj/Hex       11%        3d8       34%         4


Dungeon Overview and Level Annotations

Branches:
Dungeon (5/15)             Temple (1/1) D:5

Altars:
Dithmenos
Fedhas
Gozag
Kikubaaqudgha
Makhleb
Nemelex Xobeh
Okawaru
Ru
Sif Muna
Wu Jian
Yredelemnul

Shops:
D:1 (

Annotations:
D:4 Grinder


Message History

The water moccasin is heavily wounded.
* * * LOW HITPOINT WARNING * * *
You feel very sick.
The water moccasin bites you but does no damage.
Unknown command.
The searing ray hits the water moccasin!
You kill the water moccasin!
* * * LOW HITPOINT WARNING * * *
You feel very sick.
Unknown command.
Unknown command.
It was a potion of flight.
You feel very buoyant.
You fly up into the air.
* * * LOW HITPOINT WARNING * * *
You feel sick.
It was a potion of attraction.
You feel attractive to monsters.
* * * LOW HITPOINT WARNING * * *
You feel sick.
It was a potion of berserk rage.
A red film seems to cover your vision as you go berserk!
You feel yourself moving faster!
You feel mighty!
* * * LOW HITPOINT WARNING * * *
You feel sick.
You are too berserk!
You are too berserk!
You are too berserk!
Unknown command.
Unknown command.
Unknown command.
Unknown command.
You are too berserk!
Unknown command.
Unknown command.
You are too berserk!
You feel a strong urge to attack something.
* * * LOW HITPOINT WARNING * * *
You feel sick.
You die...

#†######## #. #...#
#.######.#.##
#...........#
##..#...##...#
#....#.#..#.[#
#.#..#....#..#
#..##....#..##
#.@...>.....##
####..#....##...#
#..†.#....#..#[.#
#.##.#..#.#.....#
##.##..##...#..#.#
#.............##.#
#.(........#.###.#
#.........##.....#
#..........####........


There were no monsters in sight!

Vanquished Creatures
  A water moccasin (D:5)
  2 howler monkeys
  A jelly (D:4)
  A hound (D:4)
  A sleepcap (D:3)
  An iguana (D:4)
  Robin (D:4)
  3 adders
  3 gnolls (D:3)
  A worm (D:3)
  3 dart slugs
  4 orcs
  8 ball pythons
  14 endoplasms
  A giant cockroach (D:2)
  15 goblins
  14 hobgoblins
  8 jackals
  3 quokkas
  4 bats
  6 frilled lizards
  6 kobolds
  7 rats
108 creatures vanquished.

Notes
Turn   | Place    | Note
-------+----------+-------------------------------------------
     0 | D:1      | TheDoctor the Deep Elf Conjurer began the quest for the
                  | Orb.
     0 | D:1      | Reached XP level 1. HP: 10/10 MP: 6/6
    23 | D:1      | Found Iwiji's Antique Weapon Shoppe.
   260 | D:1      | Reached XP level 2. HP: 15/15 MP: 6/8
   682 | D:1      | Reached skill level 1 in Armour
   893 | D:1      | Reached XP level 3. HP: 19/19 MP: 10/10
  1687 | D:2      | Reached skill level 5 in Conjurations
  1737 | D:2      | Reached XP level 4. HP: 24/24 MP: 12/12
  1963 | D:2      | Learned a level 2 spell: Searing Ray
  1967 | D:2      | Learned a level 3 spell: Dazzling Flash
  2378 | D:3      | Reached XP level 5. HP: 28/28 MP: 14/14
  2453 | D:3      | Found a faded altar of an unknown god.
  2519 | D:3      | Reached skill level 5 in Spellcasting
  2854 | D:4      | Learned a level 4 spell: Iskenderun's Mystic Blast
  2856 | D:4      | Noticed Grinder
  3044 | D:4      | Reached skill level 6 in Conjurations
  3045 | D:4      | Noticed Robin
  3053 | D:4      | Reached XP level 6. HP: 29/32 MP: 15/15
  3057 | D:4      | Killed Robin
  3431 | D:5      | Entered Level 5 of the Dungeon
  3431 | D:5      | Noticed an ice beast
  3774 | D:5      | Found a staircase to the Ecumenical Temple.
  3801 | Temple   | Entered the Ecumenical Temple
  3999 | D:5      | Noticed a water moccasin
  4014 | D:5      | Killed a water moccasin
  4017 | D:5      | HP: 2/48 [poisoned by a water moccasin]
  4019 | D:5      | Succumbed to a water moccasin's poison

Illustrated notes

Levels and vault maps discovered:
D:1:      tarquinn_simple_flora_water_e, layout_basic, serial_shops, shop,
          st_stairs_11
D:2:      layout_loops_ring
D:3:      layout_basic, ebering_ecumenical_altar_webs
D:4:      layout_loops_ring, serial_forest, infiniplex_forest_lined_3,
          infiniplex_forest_clump_diagonal, infiniplex_forest_clump_tiny,
          infiniplex_forest_end_3, infiniplex_forest_end_1, uniq_grinder,
          uniq_robin
D:5:      layout_loops_ring, minmay_temple_entry_mini_moons,
          amcnicky_mini_pool_medium
Temple:   bh_familiar_temple

Skill      XL: |  1  2  3  4  5  6 |
---------------+-------------------+-----
Armour         | 1 2 3 |  3.6
Spellcasting   | 4 5 |  5.0
Conjurations   | 5 6 |  6.7
Dodging        | |  2.4
Stealth        | |  2.4

Action                     |  1- 3 |  4- 6 || total
---------------------------+-------+-------++-------
   Cast: Magic Dart        |    90 |   104 ||   194
         Searing Ray       |       |     9 ||     9
         Dazzling Flash    |       |     2 ||     2
         Iskenderun's Myst |       |     1 ||     1
    Use: Potion            |       |     3 ||     3
 Armour: Robe              |     1 |       ||     1
         Leather armour    |       |    10 ||    10
  Dodge: Dodged            |     5 |    14 ||    19
